Cogmind - Beta 16 --- EXPLORER MODE // 2025.12.29 @ 12:51:18 Player: K.K.Y. Result: Destroyed self with Subdweller Shrapnel Launcher Performance ------------- Evolutions (0) 0 Regions Visited (3) 600 Robots Destroyed (37) 185 Value Destroyed (1020) 1020 Prototype IDs (12) 240 Alien Tech Used (0) 0 Bonus (-53) -53 TOTAL SCORE: 1992 Bonus ------- Follower Combat Kills 30 Friendly Fire -83 Cogmind --------- Core Integrity 0/250 Matter 200/300 Energy 90/100 System Corruption 1% Temperature Cool (0) Movement Treading (240) Ox1 Location -10/Subcaves Parts ------- > --- POWER (1) -------- (None) > --- PROPULSION (2) --- Light Treads > --- UTILITY (3) ------ Medium Storage Unit Structural Scanner > --- WEAPON (2) ------- Medium Laser Subdweller Shrapnel Launcher > --- INVENTORY (10) --- Light Nuclear Core Light Nuclear Core Improved Heat Sink Improved Heat Sink Improved Heat Sink Huge Storage Unit Makeshift Light Armor Plating Riot Gun Particle Gun Peak State ------------ > --- POWER ------------ Ion Engine > --- PROPULSION ------- Light Treads Light Treads > --- UTILITY ---------- Medium Storage Unit Huge Storage Unit Light Armor Plating > --- WEAPON ----------- Particle Gun Particle Gun > --- INVENTORY -------- Light Nuclear Core Light Nuclear Core Improved Heat Sink Medium Laser Mining Laser [Rating: 11] Favorites ----------- Power Ion Engine Engine Ion Engine Propulsion Light Treads Treads Light Treads Utility Medium Storage Unit Device Structural Scanner Storage Medium Storage Unit Protection Light Armor Plating Weapon Particle Gun Energy Gun Particle Gun Ballistic Gun Battle Rifle Ballistic Cannon Battle Cannon Launcher Subdweller Shrapnel Launcher Special Weapon Mining Laser Build | -11 -10 -10 -10 ------- Run | Yrd Mat Min Sub Slots Evolved 1 | . 1 . . Power . | . . . . Propulsion . | . . . . Utility 1 | . 1 . . Weapon . | . . . . Parts Attached 18 | 7 3 1 7 Power 1 | 1 . . . Engine 1 | 1 . . . Core . | . . . . Reactor . | . . . . Propulsion 4 | 2 . 1 1 Treads 4 | 2 . 1 1 Leg . | . . . . Wheel . | . . . . Hover . | . . . . Flight . | . . . . Utility 4 | 2 1 . 1 Device 1 | . . . 1 Storage 2 | 1 1 . . Processor . | . . . . Hackware . | . . . . Protection 1 | 1 . . . Artifact . | . . . . Weapon 9 | 2 2 . 5 Energy Gun 4 | 1 2 . 1 Energy Cannon . | . . . . Ballistic Gun 2 | 1 . . 1 Ballistic Cannon 1 | . . . 1 Launcher 1 | . . . 1 Special Weapon 1 | . . . 1 Impact Weapon . | . . . . Slashing Weapon . | . . . . Piercing Weapon . | . . . . Special Melee Weapon . | . . . . Unidentified Prototypes . | . . . . Parts Lost 6 | . . . 6 Power 1 | . . . 1 Propulsion 1 | . . . 1 Utility 1 | . . . 1 Weapon 3 | . . . 3 Highest Loss Streak 2 | . . . 2 To Critical Strikes . | . . . . Average Backups 7 | 1 4 7 8 Power 1 | . 1 2 2 Propulsion . | . . . . Utility 3 | . 1 3 4 Weapon 1 | . 1 2 1 Tool/Special . | . . . . Unused Backups 7 | . . . 7 Power 2 | . . . 2 Propulsion . | . . . . Utility 4 | . . . 4 Weapon 1 | . . . 1 Tool/Special . | . . . . Average Slot Usage (%) 78 | . 88 87 74 Engine 7 | . 12 12 4 Treads 22 | . 25 25 21 Device 5 | . . . 8 Storage 12 | . 13 12 12 Protection 5 | . 12 12 2 Energy Gun 17 | . 24 25 14 Ballistic Gun 1 | . . . 1 Ballistic Cannon 1 | . . . 1 Launcher 2 | . . . 4 Special Weapon 1 | . . . 1 Peak Build Rating 11 | 7 11 10 11 Average Rating 9 | 5 8 10 9 On Entrance 6 | . 7 10 10 Avg Prop Armor Cover (%) . | . . . . Naked Turns . | . . . . Heaviest Build 104 | 22 104 24 24 Greatest Support 40 | 40 40 40 40 Greatest Overweight (x) 2 | 1 2 . 1 Average Overweight (x) . | . . . . Largest Inventory Capacity 25 | 10 25 10 10 Average Capacity 10 | 9 11 10 10 Most Carried 10 | 5 7 8 10 Average Carried 7 | 1 4 7 8 Final Capacity 10 | 10 10 10 10 Final Carried 9 | 1 7 7 9 Class Distribution -------------------- 100% | Hacker-Mutant Dominant Class ---------------- Hacker-Mutant | -10/Materials Hacker-Mutant | -10/Mines Hacker-Mutant | -10/Subcaves Resources | -11 -10 -10 -10 ----------- Run | Yrd Mat Min Sub Matter Collected 842 | 294 62 26 460 Remotely . | . . . . Salvage Created 1081 | 136 502 29 414 Parts 53 | 4 26 2 21 Haulers Intercepted 2 | . 2 . . Recyclers Shooed 1 | . 1 . . Parts Field Recycled . | . . . . Retrieved Matter . | . . . . Parts Self-Destructed . | . . . . Prevented . | . . . . Parts Restored . | . . . . Kills | -11 -10 -10 -10 ------- Run | Yrd Mat Min Sub Combat Hostiles Destroyed 27 | . 8 2 17 Guns 17 | . 8 2 7 Cannons 7 | . . . 7 AOE 1 | . . . 1 Classes Destroyed 10 | 2 3 1 4 Tunneler 2 | 2 . . . Hauler 2 | . 2 . . Recycler 1 | 1 . . . Turret 2 | . . . 2 Watcher 2 | . 2 . . Swarmer 6 | . . 2 4 Grunt 8 | . 8 . . Artisan 2 | . . . 2 Subdweller 13 | . . . 13 Zionite 1 | . . . 1 Best Kill Streak 6 | 1 4 2 6 Combat Bots Only 4 | . 3 2 4 Max Kills in Single Turn 1 | 1 1 1 1 Gunslinging . | . . . . Exploded 1 | . . . 1 Melee . | . . . . Uniques/NPCs Destroyed . | . . . . Combat | -11 -10 -10 -10 -------- Run | Yrd Mat Min Sub Hostile Shots Fired 170 | . 25 6 139 Missed 57 | . 4 2 51 Hits 113 | . 21 4 88 Projectile 113 | . 21 4 88 Critical Strikes 1 | . . . 1 Damage Taken 1228 | . 244 17 967 Core 265 | . 25 . 240 Absorbed by Shields . | . . . . Ignored by Resistances 760 | . 151 13 596 Core Remaining (%) 100 | 100 . . . Volleys Fired 156 | 8 32 3 113 Largest 2 | 2 2 2 2 Hottest 165 | 70 130 130 165 Shots Fired 287 | 16 63 6 202 Gun 218 | 16 63 6 133 Cannon 40 | . . . 40 Launcher 6 | . . . 6 Special 23 | . . . 23 Kinetic 94 | 8 4 . 82 Thermal 193 | 8 59 6 120 Explosive . | . . . . Electromagnetic . | . . . . Robot Hit Streak 27 | 13 22 10 27 Robot Miss Streak 3 | 1 3 . 1 Penetration Max . | . . . . Secondary Targets 1 | . 1 . . Max Gunslinging Chain 1 | . 1 . . Shots Hit Robots 191 | 13 53 4 121 Core Hits 64 | 4 23 2 35 Critical Kills . | . . . . Critical Parts Destroyed . | . . . . Critical Strikes 16 | . 7 . 9 Burn 15 | . 7 . 8 Blast 1 | . . . 1 Melee Attacks . | . . . . Impact . | . . . . Slashing . | . . . . Piercing . | . . . . Sneak Attacks . | . . . . Combat Hostiles . | . . . . Follow-up Attacks . | . . . . Damage Inflicted 3186 | 185 754 64 2183 Guns 2127 | 185 754 64 1124 Cannons 582 | . . . 582 Explosions 285 | . . . 285 Melee . | . . . . Ramming . | . . . . Kinetic 1347 | 96 40 . 1211 Thermal 1839 | 89 714 64 972 Explosive . | . . . . Electromagnetic . | . . . . Impact . | . . . . Slashing . | . . . . Piercing . | . . . . Highest Corruption 1 | . 1 1 1 Average Corruption 1 | . 1 1 1 Corruption Purged . | . . . . Corruption Blocked . | . . . . Effects 46 | . 11 7 28 Message Errors 11 | . 4 . 7 Matter Fused 11 | . 1 3 7 Heat Flow Errors 4 | . 3 . 1 Energy Discharges 5 | . . 1 4 Data Loss (minor) 7 | . 1 2 4 Data Loss (major) 1 | . . . 1 Misfires 5 | . 1 . 4 Alerts 1 | . . 1 . Weapon Failures 1 | . 1 . . Overload Shots . | . . . . Overflow Damage 19 | . . . 19 Projectiles 19 | . . . 19 Explosions . | . . . . Melee . | . . . . Knockbacks 4 | . . . 4 Impact . | . . . . Kinetic 4 | . . . 4 Secondary . | . . . . Self-Inflicted Damage 35 | . . . 35 Shots 2 | . . . 2 Rammed . | . . . . Targets Rammed . | . . . . Kicked . | . . . . Crushed . | . . . . Highest Temperature 505 | 54 505 234 149 Average Temperature 111 | 25 136 121 35 Received Heat Transfer 561 | . 168 . 393 Effects 2 | . 2 . . Shutdowns 2 | . 2 . . Siege Activations . | . . . . Martial Activations . | . . . . Shielding Activations . | . . . . Robots Disrupted . | . . . . Combat Hostiles . | . . . . Robots Corrupted . | . . . . Combat Hostiles . | . . . . Parts Fried . | . . . . Impact Corruptions . | . . . . Robots Melted 2 | . . . 2 Combat Hostiles 2 | . . . 2 Parts Melted 8 | . 7 . 1 Heat Transferred 5802 | 259 2368 148 3027 Parts Sabotaged . | . . . . Parts Stolen . | . . . . Parts Stripped . | . . . . Power Chain Reactions . | . . . . Alert | -11 -10 -10 -10 ------- Run | Yrd Mat Min Sub Maximum Alert Level . | . . . . Low Security (%) 100 | 100 100 100 . Level 1 . | . . . . Level 2 . | . . . . Level 3 . | . . . . Level 4 . | . . . . Level 5 . | . . . . High Security . | . . . . Max Security . | . . . . Peak Influence 92 | 5 92 51 . Initial . | . . . . Average 6 | 1 9 2 . Influence Increases 462 | 15 246 51 150 Destroy 0b10 Robot/C 320 | . 160 40 120 Destroy 0b10 Robot/NC 35 | 15 20 . . Destroy Leader 58 | . 48 10 . Allied During Kill 1 | . . 1 . Successful Hack 3 | . 3 . . Lose Combat Pursuer 45 | . 15 . 30 Influence Decreases 462 | 15 246 51 150 Time Decay 462 | 15 246 51 150 Squads Dispatched . | . . . . Investigation . | . . . . Extermination . | . . . . Reinforcement . | . . . . Assault . | . . . . Garrison . | . . . . Intercept . | . . . . Searches Triggered . | . . . . Construction Impeded . | . . . . Haulers Reinforced . | . . . . Active Scanning Responses . | . . . . Cargo Convoy Interrupts . | . . . . Stealth | -11 -10 -10 -10 --------- Run | Yrd Mat Min Sub Distress Signals 1 | . 1 . . Communications Jammed . | . . . . Distress Signals . | . . . . Times Spotted 46 | . 23 2 21 Peak Tracking Total 6 | . 5 2 6 Tactical Retreats 2 | . 1 . 1 Traps | -11 -10 -10 -10 ------- Run | Yrd Mat Min Sub Traps Triggered 4 | . 4 . . Indirectly . | . . . . Trap Hack Attempts . | . . . . Triggered . | . . . . Disarmed . | . . . . Reprogrammed . | . . . . Reused . | . . . . Traps Extracted . | . . . . Installed . | . . . . Triggered . | . . . . Machines | -11 -10 -10 -10 ---------- Run | Yrd Mat Min Sub Machines Disabled 1 | . . . 1 Max in Single Turn 1 | . . . 1 Machines Repaired . | . . . . Machines Dismantled . | . . . . Machines Sabotaged . | . . . . Overloaded Fab Kills . | . . . . Hacking | -11 -10 -10 -10 --------- Run | Yrd Mat Min Sub Machines Accessed 4 | . 2 . 2 Terminals 2 | . 2 . . Fabricators . | . . . . Repair Stations . | . . . . Recycling Units . | . . . . Scanalyzers . | . . . . Garrison Access . | . . . . Total Hacks 8 | . 2 . 6 Successful 8 | . 2 . 6 Failed . | . . . . Catastrophic . | . . . . Database Lockouts . | . . . . Manual 2 | . 2 . . Terminals 2 | . 2 . . Fabricators . | . . . . Repair Stations . | . . . . Recycling Units . | . . . . Scanalyzers . | . . . . Garrison Access . | . . . . Terminal Hacks 6 | . . . 6 Record 5 | . . . 5 Proto ID Catalog 1 | . . . 1 Fabricator Hacks . | . . . . Repair Station Hacks . | . . . . Recycling Unit Hacks . | . . . . Scanalyzer . | . . . . Garrison Access Hacks . | . . . . Unauthorized Hacks 2 | . 2 . . Terminals 2 | . 2 . . Botnet 2 | . 2 . . Fabricators . | . . . . Repair Stations . | . . . . Recycling Units . | . . . . Scanalyzers . | . . . . Garrison Access . | . . . . Data Cores Recovered . | . . . . Used . | . . . . Hacking Detections 1 | . 1 . . Full Trace Events . | . . . . Feedback Events . | . . . . Feedback Blocked . | . . . . Robot Schematics Acquired . | . . . . Robots Built . | . . . . Authchips . | . . . . Time . | . . . . Total Robot Build Rating . | . . . . Part Schematics Acquired . | . . . . Parts Built . | . . . . Authchips . | . . . . Time . | . . . . Total Part Build Rating . | . . . . Part Studies Acquired . | . . . . Parts Repaired . | . . . . Time . | . . . . Parts Recycled . | . . . . Recycled Matter . | . . . . Retrieved Matter . | . . . . Retrieved Components . | . . . . Parts Scanalyzed . | . . . . Part Schematics Acquired . | . . . . Parts Damaged . | . . . . Bothacking | -11 -10 -10 -10 ------------ Run | Yrd Mat Min Sub Used RIF Installer . | . . . . Robots Hacked . | . . . . Non-combat . | . . . . Combat . | . . . . Robot Hacks Applied . | . . . . Relay Couplers Released . | . . . . Fabnet Peak Effective % . | . . . . Robots Rewired . | . . . . Allies Hacked . | . . . . Hacks Repelled . | . . . . Allies | -11 -10 -10 -10 -------- Run | Yrd Mat Min Sub Total Allies 2 | . . 2 . Largest Group 2 | . . 2 2 Highest-Rated Group 49 | . . 45 49 Highest-Rated Ally 31 | . . 31 31 Total Orders . | . . . . Ally Attacks 11 | . . . 11 Total Damage 162 | . . . 162 Kills 1 | . . . 1 Allies Corrupted . | . . . . Allies Melted . | . . . . Intel | -11 -10 -10 -10 ------- Run | Yrd Mat Min Sub Active Infowar (turns) 3064 | . . . 3064 Structural 3064 | . . . 3064 Robot Analysis Total . | . . . . Derelict Logs Recovered 3 | . . 1 2 Drone Launches . | . . . . Drone Recoveries . | . . . . Exploration | -11 -10 -10 -10 ------------- Run | Yrd Mat Min Sub Turns Passed 6686 | 130 1482 693 4381 Spaces Moved 3479 | 74 822 368 2215 Core 24 | 24 . . . Treads 3455 | 50 822 368 2215 Legs . | . . . . Wheels . | . . . . Hover . | . . . . Flight . | . . . . Fastest Speed 50 | 50 160 160 160 Average Speed 173 | 125 166 160 179 Slowest Speed 320 | 160 320 160 240 Overloaded Moves . | . . . . Propulsion Burnouts . | . . . . Robots Hopped . | . . . . Potential Cave-ins 1 | . . . 1 Cave-ins Triggered . | . . . . Exploration Rate (%) 72 | 4 99 91 95 Regions Visited 3 Branch Regions 2 Pre-discovered Areas 2 | . . . 2 Known Exits Taken 3 | 1 1 1 . Unknown Exits Taken . | . . . . Scrap Searched 4 | . . . 4 Spaces Dug 2 | . . . 2 Terrain Destroyed 76 | . . . 76 Melee . | . . . . Projectile 3 | . . . 3 AOE 73 | . . . 73 Terrain Rammed . | . . . . Walls Destroyed . | . . . . Machines Disabled . | . . . . Actions | -11 -10 -10 -10 --------- Run | Yrd Mat Min Sub Total 3822 | 94 875 466 2387 Wait 139 | . 7 93 39 Move 3476 | 73 821 367 2215 Hop . | . . . . Pick Up 22 | 6 7 1 8 Fast Attach 2 | 2 . . . Attach 11 | 5 2 . 4 Detach 2 | . 2 . . Swap 9 | . 3 1 5 Drop 5 | . 1 1 3 Fire 156 | 8 32 3 113 Melee . | . . . . Ram . | . . . . Kick . | . . . . Crush . | . . . . Escape Stasis . | . . . . Rewire . | . . . . Trap . | . . . . Miscellaneous . | . . . . Route ------- -11/Scrapyard -10/Materials (discovered 4 exits: *Mat x3 / *Min) -10/Mines (discovered 3 exits: *Mat x2 / *Sub) -10/Subcaves (discovered 3 exits: *Mat x2 / *Rec) History --------- Turn | Location | Event 6 | -11/Scrapyard | Identified exit to Materials 6 | -11/Scrapyard | Discovered exit to Materials (range 15) 131 | -11/Scrapyard | Entered Materials 131 | -10/Materials | Evolved 1 slot: Utility x1 286 | -10/Materials | Identified exit to Materials 286 | -10/Materials | Discovered exit to Materials (range 10) 304 | -10/Materials | Build established: Hacker-Mutant 489 | -10/Materials | Identified exit to Mines 489 | -10/Materials | Discovered exit to Mines (range 8) 945 | -10/Materials | Discovered exit to Materials (range 15) 1325 | -10/Materials | Discovered exit to Materials (range 13) 1613 | -10/Materials | Entered Mines 1786 | -10/Mines | Discovered exit to Materials (range 7) 1906 | -10/Mines | Received a Rocket Launcher from a helpful Derelict 1919 | -10/Mines | Identified exit to Subcaves 2228 | -10/Mines | Discovered exit to Materials (range 5) 2306 | -10/Mines | Entered Subcaves 2306 | -10/Subcaves | Accompanied by 2 allies 2307 | -10/Subcaves | Approached by a straggling Scientist 2311 | -10/Subcaves | Led the pair of lost Derelicts to an unsafe place 2464 | -10/Subcaves | Identified exit to Materials 2464 | -10/Subcaves | Discovered exit to Materials (range 3) 2672 | -10/Subcaves | Learned location of Storage (-8) 2697 | -10/Subcaves | Ambushed by Subdwellers from Twisted Machinery 3174 | -10/Subcaves | Disturbed a concealed Subdweller 3179 | -10/Subcaves | Disturbed a concealed Subdweller 3639 | -10/Subcaves | Shifting Twisted Machinery released Mak. Light Armor Plating 3676 | -10/Subcaves | Shifting Twisted Machinery released Sub. Laser 3758 | -10/Subcaves | Identified exit to Recycling 3758 | -10/Subcaves | Discovered exit to Recycling (range 16) 3916 | -10/Subcaves | Discovered exit to Materials (range 15) 4141 | -10/Subcaves | Core integrity fell below 50% 4401 | -10/Subcaves | Visited Clippyterm 4406 | -10/Subcaves | Learned Factory garrison access intel 4464 | -10/Subcaves | Learned Materials stockpile data 4703 | -10/Subcaves | Learned location of Zion (-6) 4703 | -10/Subcaves | Met a Zionite searching for "candidates" 5279 | -10/Subcaves | Visited 4L-MR0's lab 6676 | -10/Subcaves | Core integrity fell below 20% 6687 | -10/Subcaves | Destroyed self with Subdweller Shrapnel Launcher Last Messages --------------- 05387_ Acquired 31 matter. 05619_ System corrupted: Energy discharge (-37). 05657_ BJYCRUR HY,W GT 8//P4XSZWC9&RJ34Y 05729_ System corrupted: Matter fused (-7). 05859_ Acquired 10 matter. 05864_ Acquired 4 matter. 05869_ Acquired 32 matter. 06074_ HU-YOI(u) deconstructs Twisted Machinery. 06131_ D6%QLIPAN=3YYD>PKEA361 06279_ HU-YOI(u) builds Twisted Machinery. 06504_ System corrupted: Matter fused (-9). 06527_ Acquired 9 matter. 06580_ SDB9GYQQV/0LAY>6UOSVLMO1R1ZMJQ1OF54R>&OQ 06603_ NMLL5N|FP =U4/DI D24:W| 06676_ 0D-VFT(R): "ARGHSUB!" 06678_ 0D-VFT(R) suffers critical hit (Burn). 06679_ B9-VIF(R): "SLEEPOVER!" 06684_ Destroyed Scrap Shield. 06684_ 0D-VFT(R) destroyed. Map ----- +----------------------------------------------------+ | ###?## #"&["# ##???????????????## | | ### # ##?## #"%"## ##???????????????## | | ############ ##### ##### ##???????????????## | | ############# ##### < ##??????????????### | | ??????????### ### # ### ###????????????##### | | ???????????## ####????????????##### | | ???????????######## # ## ##??????????????### | | ???????????########## ### ###????????????## | | ?????????????????#### #### ##????????????### | | ####???????????????### #### ##????????????#### # | | ####???????????????### # ##???????????### # | | # ##????????????????## ##???????????### # | | ##????????????????## # ## ###???????????## | | ##????????????????##### #########???????### # | | ##????????????????##### ##########???????### # | | # ##??????????????????## ;# ; ############ | | # ###?????????????????### ########### | | # ###?????????????????## ## ### * | | # ##?????????????????### " " ### | | #%###?????????????????#### " ### | | ####???###????######### # # ### ### | | # ######################## ######## #### | | # # #### ## # ### # # ; ########## ### | | R ####?????? ## | | ## ###?????? ##### | | % # ### # # # #### #@ ;## ##????? " ###### | | ########################### ###???? ###### | | ########?####### # ### # ## ##???## "##"" | | % ##??????????### ##???## "" | | &"############## ## ###### ### ##???##" # | | ""############### ################???##"" ## | | ""#" ## ## #####??##############""" ## | | "" " ###???????########### "" ### | | """"" #### ##???????##""" "### ""#### | | #################???????##" ### #####" | | # "###############??????###"% ### ##### | | ## ###???????????????????###" % ##### | | #### ###???????????????????##> %% ##= | | #######????????????????????###"" % | | ???####????????????????????###" % #### ### [[= | | ????????????????????????????##"% #### ## % | | ????????????????????????????##""" "### #" | | ????????????????????????????########### ####### | | ????????????????????????????########### # ## | | ?????????????????????????????????????### ## | | ?????????????????????????????????????#### # ## | | ??????????????????????????????????????######## | | ???????????????????????????????????????####### # # | | ????????????????????????????????????????????###### | | ????????????????????????????????????????????###### | +----------------------------------------------------+ Best States ------------- Heat Dissipation 25 Energy Generation 10 Energy Capacity 250 Matter Stores 300 Matter Capacity 300 Sight Range 16 Terrain Scan Density 10 Armor Coverage 150 Resistance: KI 35 Resistance: TH 35 Resistance: EX 35 Resistance: EM 35 Resistance: I 35 Resistance: S 35 Resistance: P 35 Evasion (%) 50 Recoil Reduction 2 Offensive Hacking 20 Item Schematics ----------------- None Robot Schematics ------------------ None Fabricated ------------ Nothing Repaired ---------- Nothing Studied --------- None Alien Tech Used ----------------- None Achievements -------------- None Challenges ------------ None Game ------ Seed GrenadeSwarmCore Manual? 0 Play Time 00:21:25 Cumulative 233.1 hours Start 2025.12.29 @ 12:32:46 End 2025.12.29 @ 12:51:18 Sessions 1 Manual Loads 0 Difficulty Explorer Special Mode None Game No. 365 Rogue 0 Adventurer 0 Explorer 365 Win Type - Total 0 Types 0/0/0/0/0/0/0/0/0/0 Lore% 71 Gallery% 68 Achievement% 54 Wizard Run 0 Options --------- Layout 1 ASCII 0 Keyboard 0 Movement Mouse Keybinds 0 Fullscreen 1 Font 24/Smallcaps Map View 50x35 Zoom Use 0% Tactical HUD 1 Map Filters NONE Filters NONE Steam 1 RUN: abd51144-4248-41b3-8def-7f351783bac3